 Dungeon Crawl Stone Soup version 0.30-a0-830-gfe289a77b0 (webtiles) character file.

Game seed: 6936717804767986379

291 lunkers the Slasher (level 6, 0/51 HPs)
             Began as a Meteoran Fighter on Feb 28, 2023.
             Slain by Pikel
             ... wielding a +2 whip of electrocution
              (8 damage)
             ... on level 5 of the Dungeon.
             The game lasted 00:03:34 (1032 turns).

lunkers the Slasher (Meteoran Fighter)              Turns: 1032, Time: 00:03:35

Health: 0/51       AC:  8    Str: 18    XL:     6   Next: 90%
Magic:  7/7        EV:  9    Int: 10    God:
Gold:   111        SH:  5    Dex: 15    Spells: 5/5 levels left

rFire   . . .      SeeInvis .    a - +0 long sword
rCold   . . .      Faith    .    c - +0 buckler
rNeg    . . .      Spirit   .    b - +0 scale mail
rPois   .          Reflect  .    (no helmet)
rElec   .          Harm     .    l - +0 cloak
rCorr   .          Rampage  .    (no gloves)
Will    .....                    (no boots) Stlth
                                 (no amulet)
HPRegen 0.28/turn                k - ring of wizardry
MPRegen 0.10/turn                (no ring)

@: glowing
A: sense surroundings 1, otherworldly, glowing, explore regen
a: no special abilities


You were on level 5 of the Dungeon.
You visited 1 branch of the dungeon, and saw 5 of its levels.

You collected 111 gold pieces.

Inventory:

Hand Weapons
 a - a +0 long sword (weapon)
Armour
 b - a +0 scale mail (worn)
 c - a +0 buckler (worn)
 l - a +0 cloak (worn)
Jewellery
 k - a ring of wizardry (left hand)
Scrolls
 g - 3 scrolls of identify {unknown}
 i - a scroll of blinking
 j - a scroll of teleportation {unknown}
 n - a scroll of noise {unknown}
Potions
 e - 2 potions of attraction {unknown}
 f - a potion of flight {unknown}
 h - a potion of curing {unknown}
 m - a potion of resistance {unknown}


   Skills:
 - Level 3.2 Fighting
 + Level 7.8 Long Blades
 - Level 3.6 Armour
 - Level 3.6 Shields


You had 5 spell levels left.
You didn't know any spells.
Your spell library contained the following spells:

 Spells                   Type           Power      Damage    Failure   Level
 Blink                    Tloc           0%         N/A       65%         2
 Portal Projectile        Hex/Tloc       0%         N/A       86%         3
 Tukima's Dance           Hex            0%         N/A       86%         3
 Manifold Assault         Tloc           0%         N/A       99%         4
 Passage of Golubria      Tloc           0%         N/A       99%         4
 Blade Hands              Tmut           0%         N/A       100%        5
 Yara's Violent Unravell  Hex/Tmut       0%         3d3       100%        5
 Storm Form               Tmut/Air       0%         N/A       100%        7


Dungeon Overview and Level Annotations

Branches:
Dungeon (5/15) Zot: 1941
 Temple: D:4-7

Altars:
Trog

Annotations:
D:5 Pikel


Innate Abilities, Weirdness & Mutations

You passively map a small area around you.
You are easily found by Zot.
You glow in the dark.
You regain HP and MP as you explore.


Message History

The hound bites you but does no damage.
You hit the hound.
You kill the hound!
You barely miss the lemure. You block the lemure's attack.
Okay, then.
You hit the lemure.
The lemure is lightly wounded.
You block the lemure's attack.
You miss Pikel.
Pikel zaps a wand.
Your mind is blasted!
* * * LOW HITPOINT WARNING * * *
Aiming: Bolt of Light
Press: ? - help, Shift-Dir - straight line, f - Pikel
Aim: Pikel, wielding a +2 whip of electrocution, wearing a +0 robe and carrying a wand of mindburst (9) (64% to hit)
The bolt of light hits Pikel.
Pikel is lightly wounded.
Pikel is blinded.
The bolt of light hits the lemure!
The lemure is heavily wounded.
The lemure is blinded.
The now-empty wand crumbles to dust.
Pikel zaps a wand.
Your mind is blasted!
* * * LOW HITPOINT WARNING * * *
You slash Pikel!
Pikel is moderately wounded.
Pikel closely misses you.
You closely miss Pikel.
Pikel is moderately wounded.
Pikel hits you with a +2 whip of electrocution.
* * * LOW HITPOINT WARNING * * *
You catch the helpless Pikel completely off-guard!
You hit Pikel.
Pikel is moderately wounded.
Pikel hits you with a +2 whip of electrocution.
* * * LOW HITPOINT WARNING * * *
You hit Pikel but do no damage.
Pikel is moderately wounded.
Pikel hits you with a +2 whip of electrocution!
* * * LOW HITPOINT WARNING * * *
You barely miss Pikel.
Pikel is moderately wounded.
Pikel hits you with a +2 whip of electrocution!
You die...

*#...................
#.......#..........#
#.....5K#...<...#>#
#...5.55.5........# *
*.#####.######...##..#
* #......55## ##.##*
... ###...###5# #.# #
#...* #K# #.# #.. #@#
#5# #..#...## #.# #.
##.# *.# #. #. ,, ,,.
* * * ** .. * *, .. *
* , ### * ,


You could see Pikel (blind) and 2 lemures.

Vanquished Creatures
  Sigmund (D:2)
  A hound (D:5)
  A jelly (D:4)
  3 adders
  2 ufetubi
  A worm (D:2)
  A dart slug (D:1)
  An orc (D:3)
  2 endoplasms (D:3)
  4 giant cockroaches
  2 goblins (D:4)
  2 hobgoblins
  2 quokkas
  2 ball pythons
  2 bats
  11 frilled lizards
  3 kobolds
  A rat (D:2)
42 creatures vanquished.

Vanquished Creatures (others)
  A wizard (D:4)
  8 plants (D:1)
9 creatures vanquished.

Grand Total: 51 creatures vanquished

Notes
Turn   | Place    | Note
-------+----------+-------------------------------------------
     0 | D:1      | lunkers the Meteoran Fighter began the quest for the Orb.
     0 | D:1      | Reached XP level 1. HP: 19/19 MP: 2/2
    59 | D:1      | Reached skill level 3 in Long Blades
    59 | D:1      | Reached XP level 2. HP: 26/26 MP: 3/3
   177 | D:2      | Reached XP level 3. HP: 28/31 MP: 4/4
   225 | D:2      | Noticed Sigmund
   235 | D:2      | Killed Sigmund
   236 | D:2      | Reached skill level 6 in Long Blades
   236 | D:2      | Reached XP level 4. HP: 8/38 MP: 5/5
   236 | D:2      | Reached XP level 5. HP: 10/45 MP: 6/6
   236 | D:2      | Reached XP level 6. HP: 11/51 MP: 7/7
   356 | D:2      | Reached skill level 7 in Long Blades
   846 | D:4      | Found a bloodstained altar of Trog.
   849 | D:4      | Noticed a wizard
   854 | D:4      | Killed a wizard
   999 | D:5      | Entered Level 5 of the Dungeon
   999 | D:5      | Noticed Pikel
  1032 | D:5      | Slain by Pikel

Illustrated notes

Levels and vault maps discovered:
D:1:      dpeg_arrival_tiny_c, layout_basic, st_stairs_12, minivault_27,
          minmay_misc_feat_roman, minmay_lizard_king
D:2:      layout_basic, minmay_misc_feat_more_columns,
          hangedman_abyss_or_decor_stabs, minmay_misc_feat_alley, uniq_robin,
          uniq_sigmund
D:3:      layout_rooms, serial_shops, shop, minmay_misc_feat_pillars,
          grunt_decor_fettered, minmay_misc_feat_x, kennysheep_generic_room_4
D:4:      layout_basic, trog_wizard
D:5:      layout_loops_ring, marbit_many_paths, minmay_temple_entry_poolview,
          uniq_pikel

Skill      XL: |  1  2  3  4  5  6 |
---------------+-------------------+-----
Long Blades    | 3 6 7 |  7.8
Fighting       | |  3.2
Armour         | |  3.6
Shields        | |  3.6

Action                     |  1- 3 |  4- 6 || total
---------------------------+-------+-------++-------
  Melee: Long sword        |    73 |    77 ||   150
  Evoke: Wand              |       |     1 ||     1
    Use: Scroll            |     1 |       ||     1
         Potion            |     1 |       ||     1
   Stab: Invisible         |       |     1 ||     1
 Armour: Scale mail        |    44 |    40 ||    84
  Dodge: Dodged            |    30 |    26 ||    56
  Block: Buckler           |    12 |    21 ||    33

Table legend: (Time is in decaauts)
 A = Elapsed time spent in this place.
 B = Non-inter-level travel time spent in this place.
 C = Inter-level travel time spent in this place.
 D = Time resting spent in this place.
 E = Time spent auto-exploring this place.
 F = Levels seen in this place.
 G = Mean time per level.
                   A        B        C        D        E       F      G
               +--------+--------+--------+--------+--------+-----+--------+
         Total |   1057 |   1032 |     25 |      0 |    663 |   5 |  211.4 |
       Dungeon |   1057 |   1032 |     25 |      0 |    663 |   5 |  211.4 |
               +--------+--------+--------+--------+--------+-----+--------+

Top non-repeatable levels by time:
     D:3: 289 daAuts
     D:4: 278 daAuts
     D:2: 275 daAuts
     D:1: 179 daAuts
     D:5: 34 daAuts
